 Dungeon Crawl Stone Soup version 0.25.0-46-gbd7b0854d2 (webtiles) character file.

Game seed: 3195195189192233585

28 EriolAelfwine the Skirmisher (level 3, 0/29 HPs)
             Began as a Formicid Abyssal Knight on July 17, 2020.
             Was a Follower of Lugonu.
             Slain by a hobgoblin
             ... wielding a +0 club
              (2 damage)
             ... on level 1 of the Dungeon.
             The game lasted 00:01:08 (534 turns).

EriolAelfwine the Skirmisher (FoAK)                  Turns: 534, Time: 00:01:09

Health: 0/29       AC:  3    Str: 17    XL:     3   Next: 30%
Magic:  4/5        EV: 11    Int: 11    God:    Lugonu [*.....]
Gold:   15         SH:  0    Dex: 10    Spells: 2/2 levels left

rFire    . . .     SeeInvis +   a - +1 hand axe
rCold    . . .     Gourm    .   (no shield)
rNeg     . . .     Faith    .   b - +0 leather armour
rPois    .         Spirit   .   (helmet unavailable)
rElec    .         Reflect  .   (no cloak)
rCorr    .         Harm     .   (no gloves)
MR       .....                  (no boots)
Stlth    +.........             (no amulet)
HPRegen  0.09/turn              (no ring)
MPRegen  0.09/turn              (no ring)

@: no status effects
A: permanent stasis, dig shafts and tunnels, four strong arms, antennae 3
a: Dig, Shaft Self, Depart the Abyss, Renounce Religion


You were on level 1 of the Dungeon.
You worshipped Lugonu.
Lugonu was aware of your devotion.
You were not hungry.

You visited 1 branch of the dungeon, and saw 1 of its levels.
You visited the Abyss 1 time.

You collected 15 gold pieces.

Inventory:

Hand Weapons
 a - a +1 hand axe (weapon)
Armour
 b - a +0 leather armour (worn)
Scrolls
 e - a scroll of magic mapping {unknown}
 h - a scroll of identify {unknown}
Potions
 d - a potion of curing {unknown}
 g - a potion of flight {unknown}
 i - a potion of stabbing {unknown}
 j - a potion of cancellation {unknown}
Comestibles
 c - a ration
 f - a chunk of flesh


   Skills:
 + Level 3.5 Fighting
 * Level 2.7 Axes
 + Level 2.5 Armour
 - Level 0.8 Dodging
 + Level 2.6 Invocations


You had 2 spell levels left.
You didn't know any spells.
Your spell library was empty.

Dungeon Overview and Level Annotations

Branches:
Dungeon (1/15)

Altars:


Innate Abilities, Weirdness & Mutations

You cannot be hasted, slowed, berserked, paralysed or teleported.
You can dig through walls and to a lower floor.
Your four strong arms can wield two-handed weapons with a shield.
You have a pair of large antennae on your head. (SInv)


Message History

* * * LOW HITPOINT WARNING * * *
You hit the leopard gecko.
You kill the leopard gecko!
Lugonu accepts your kill.
You barely miss the bat. The bat hits you but does no damage.
You hit the hobgoblin.
The hobgoblin is almost dead.
You hit the bat. The bat barely misses you. The hobgoblin hits you.
* * * LOW HITPOINT WARNING * * *
The hobgoblin hits you.
* * * LOW HITPOINT WARNING * * *
You hit the hobgoblin.
You kill the hobgoblin!
Lugonu accepts your kill. The bat hits you.
* * * LOW HITPOINT WARNING * * *
The hobgoblin closely misses you.
You closely miss the hobgoblin. You closely miss the bat.
The bat closely misses you. x2; The hobgoblin hits you with a +0 club.
You die...

#.......# #.........##..
#.......# #.........##..
####.......# #.........##.≈
...........####.........####
..........###...........#
..........##.......##.###
..........##.#.#.#.##.#
.........g#......#.##.#
.........Kg@b#.#.#.##.#
...#########.....#.##.#### { ..
...................# .
.########.###.#.##.# {
...#........# {
#########################..#..#
..........................>#..#
############################ .#
.#


You could see 2 hobgoblins, a bat and a kobold.

Vanquished Creatures
  A dart slug (D:1)
  2 leopard geckos (D:1)
  A giant cockroach (D:1)
  3 goblins (D:1)
  3 hobgoblins (D:1)
  A ball python (D:1)
  2 bats (D:1)
  A frilled lizard (D:1)
  5 kobolds (D:1)
  4 rats (D:1)
23 creatures vanquished.

Notes
Turn   | Place    | Note
-------+----------+-------------------------------------------
     0 | Abyss:1  | EriolAelfwine the Formicid Abyssal Knight began the quest
                  | for the Orb.
     0 | Abyss:1  | Reached XP level 1. HP: 18/18 MP: 2/2
     9 | D:1      | Escaped the Abyss
    77 | D:1      | Reached XP level 2. HP: 18/24 MP: 3/3
   332 | D:1      | Reached XP level 3. HP: 26/29 MP: 4/4
   534 | D:1      | Slain by a hobgoblin

Illustrated notes

Levels and vault maps discovered:
D:1:      dpeg_arrival_prison, layout_basic, serial_glass, glass_columns_b,
          glass_columns_a, patterned_corridor

Action                   || total
-------------------------++-------
Melee: Hand axe          ||    58
Armor: Leather armour    ||    31
Dodge: Dodged            ||    47
